Map: Avalon Labs

Players

propagare - Winner!

  • Race: Terran Terran
  • League: Gold

Woobie - Winner!

  • Race: Terran Terran
  • League: Gold

Kitesurfer - Winner!

  • Race: Terran Terran
  • League: Platinum

Tom

  • Race: Zerg Zerg
  • League: Silver

Dubarin

  • Race: Protoss Protoss
  • League: Silver

Nick

  • Race: Protoss Protoss

VOD

Have the link to the VOD?

Description

Time

  • Played on: March 6, 2016, 11:53 a.m.
  • Length: 6:44
Show
View Real Time Build Order
Export as new Build Order

propagare Terran - Winner!

Build Orders:  

Get SALT Encoding   

  12  0:01  SCV  
  13  0:13  SCV  
  14  0:18  Supply Depot  
  14  0:25  SCV  
  15  0:40  SCV  
  15  0:42  Barracks  
  16  0:49  Refinery  
  16  0:52  SCV  
  17  1:01  Barracks  
  17  1:07  SCV  
  18  1:19  SCV  
  19  1:27  Refinery  
  19  1:31  Orbital Command  
  19  1:33  Marine  
  20  1:43  Supply Depot  
  20  1:49  Marine  
  20  1:53  Marine  
  22  1:57  SCV  
  23  2:10  Factory  
  24  2:15  SCV  
  24  2:16  Marine  
  24  2:20  Marine  
  26  2:27  SCV  
  27  2:34  Factory  
  26  2:38  Marine  
  26  2:39  SCV  
  28  2:47  Supply Depot  
  28  2:52  Marine, SCV  
  30  3:04  SCV  
  31  3:05  Starport  
  31  3:15  Marine x2  
  31  3:16  SCV  
  31  3:18  Factory Tech Lab  
  34  3:21  Factory Tech Lab  
  34  3:41  Siege Tank x2  
  37  3:46  Marine  
  41  3:49  Marine  
  42  4:01  Viking  
  46  4:13  Siege Tank  
  47  4:41  Marine x2, Hellion, Viking  
  53  4:50  Supply Depot  
  53  4:58  Marine x2  
  55  5:12  Siege Tank x2, Supply Depot  
  55  5:13  Viking  
  63  5:33  Marine x2  
  65  5:50  Siege Tank  
  63  6:15  Marine x2  
Show
View Real Time Build Order
Export as new Build Order

Woobie Terran - Winner!

Build Orders:  

Get SALT Encoding   

  12  0:01  SCV  
  13  0:13  SCV  
  14  0:24  Supply Depot  
  15  0:28  SCV  
  15  0:46  SCV  
  15  0:48  Barracks  
  16  0:53  Refinery  
  16  1:03  Barracks  
  16  1:05  Refinery, SCV  
  17  1:15  Supply Depot  
  17  1:18  SCV  
  18  1:31  SCV  
  19  1:35  Marine  
  20  1:43  SCV  
  21  1:50  Marine  
  21  1:53  Marine  
  23  2:00  Factory  
  23  2:04  SCV  
  24  2:14  Marine x2  
  26  2:17  SCV  
  27  2:27  Factory  
  27  2:41  Marine x2  
  29  2:47  Factory Tech Lab, Supply Depot  
  29  2:59  Marine x2  
  31  3:09  Siege Tank  
  31  3:10  Factory Tech Lab  
  34  3:22  Supply Depot  
  34  3:25  Marine x2  
  36  3:35  Orbital Command  
  36  3:43  Marine x2  
  38  3:52  Supply Depot  
  38  4:05  Siege Tank  
  41  4:12  Siege Tank  
  44  4:19  Marine x2  
  46  4:38  Marine x2  
  48  4:44  Siege Tank  
  48  4:45  Siege Tank  
  54  4:51  Supply Depot  
  54  5:19  Marine x2  
  56  5:21  Siege Tank x2  
  62  5:37  Marine  
  63  6:22  Marine  
  63  6:25  Marine  
Show
View Real Time Build Order
Export as new Build Order

Kitesurfer Terran - Winner!

Build Orders:  

Get SALT Encoding   

  12  0:01  SCV  
  13  0:13  SCV  
  14  0:18  Supply Depot  
  14  0:25  SCV  
  15  0:40  SCV  
  15  0:41  Barracks  
  16  0:46  Refinery  
  16  0:52  SCV  
  17  1:04  SCV  
  18  1:12  Barracks  
  18  1:16  SCV  
  19  1:20  Refinery  
  19  1:28  SCV  
  19  1:29  Marine  
  19  1:30  Supply Depot  
  21  1:42  Orbital Command  
  21  2:02  Factory  
  21  2:03  Marine  
  21  2:04  Marine  
  23  2:13  SCV  
  24  2:24  Factory  
  24  2:25  Marine  
  24  2:26  Marine  
  26  2:35  SCV  
  27  2:42  Supply Depot  
  27  2:43  Marine  
  28  2:47  Factory Tech Lab  
  28  2:55  Marine  
  29  3:01  Marine, SCV  
  29  3:03  Engineering Bay  
  31  3:08  Factory Tech Lab  
  31  3:14  Siege Tank  
  31  3:16  Marine  
  35  3:28  Supply Depot  
  35  3:34  Missile Turret  
  35  3:47  Marine x2  
  37  4:00  Missile Turret  
  37  4:05  Missile Turret  
  37  4:12  SCV  
  38  4:26  Siege Tank x2  
  44  4:36  Marine  
  45  4:38  Marine  
  46  4:48  Starport  
  46  4:50  Supply Depot  
  46  4:53  Marine  
  46  4:58  Siege Tank  
  50  5:11  Marine  
  50  5:12  Marine  
  52  5:15  Siege Tank  
  55  5:26  Starport Reactor  
  55  5:29  Marine  
  55  5:30  Marine, Siege Tank  
  55  5:31  Supply Depot  
Show
View Real Time Build Order
Export as new Build Order

Tom Zerg 

Build Orders: Pool First 

Get SALT Encoding   

  12  0:02  Drone  
  13  0:09  Drone  
  14  0:19  Overlord  
  14  0:38  Spawning Pool, Drone  
  14  0:43  Drone  
  14  0:49  Drone  
  16  0:50  Drone  
  16  0:53  Extractor  
  16  1:00  Drone  
  17  1:11  Drone  
  18  1:22  Drone  
  18  1:24  Queen  
  21  1:29  Extractor  
  20  1:33  Drone  
  21  1:53  Drone  
  22  1:55  Hatchery  
  22  1:56  Drone  
  22  1:59  Metabolic Boost  
  22  2:17  Evolution Chamber  
  22  2:20  Evolution Chamber  
  20  2:35  Drone x2  
  22  2:37  Overlord  
  22  2:38  Overlord  
  22  2:47  Zerg Melee Weapons Level 1  
  22  2:59  Queen  
  24  3:11  Zerg Ground Armor Level 1  
  24  3:14  Drone  
  25  3:30  Drone x2  
  27  3:45  Zergling x4  
  27  3:46  Zergling x8  
  33  3:48  Drone  
  34  3:58  Lair  
  34  4:03  Pneumatized Carapace  
  32  4:33  Drone x4  
  32  4:34  Drone x4  
  40  5:07  Infestation Pit  
  40  5:10  Zergling x10  
  44  5:15  Extractor, Overlord x3  
  44  5:16  Overlord  
  43  5:31  Extractor  
  42  5:39  Drone x4  
  41  5:52  Zergling x6  
  41  5:53  Zergling x6  
Show
View Real Time Build Order
Export as new Build Order

Dubarin Protoss 

Build Orders: 1 Gate Expand, Double Forge 

Get SALT Encoding   

  12  0:01  Probe (Chrono Boost)  
  13  0:11  Probe (Chrono Boost)  
  14  0:20  Pylon  
  14  0:31  Probe (Chrono Boost)  
  15  0:39  Gateway  
  15  0:49  Probe (Chrono Boost)  
  16  1:16  Nexus  
  16  1:32  Cybernetics Core  
  16  1:37  Assimilator  
  16  1:38  Probe (Chrono Boost)  
  17  1:41  Assimilator  
  17  1:49  Probe (Chrono Boost)  
  18  1:59  Probe (Chrono Boost)  
  19  2:10  Probe (Chrono Boost)  
  19  2:11  Stalker  
  22  2:20  Pylon, Probe (Chrono Boost)  
  23  2:26  Gateway  
  23  2:31  Probe (Chrono Boost)  
  24  2:39  Warp Gate  
  24  2:47  Stalker  
  26  2:57  Probe x2 (Chrono Boost)  
  28  3:07  Probe (Chrono Boost)  
  28  3:08  Probe (Chrono Boost)  
  30  3:15  Stalker  
  30  3:18  Probe x2 (Chrono Boost)  
  30  3:19  Stalker  
  36  3:28  Probe (Chrono Boost)  
  36  3:29  Probe (Chrono Boost)  
  38  3:38  Pylon  
  38  3:40  Gateway  
  38  3:44  Gateway  
  38  3:53  Stalker  
  38  3:55  Stalker  
  42  4:05  Pylon  
  42  4:06  Pylon  
  42  4:08  Pylon  
  42  4:27  Forge  
  42  4:30  Forge x2  
  42  4:45  Stalker x2  
  46  4:47  Stalker  
  46  4:52  Stalker  
  50  5:02  Assimilator  
  50  5:05  Assimilator  
  50  5:17  Robotics Facility x2  
  50  5:29  Robotics Facility  
  50  5:32  Pylon  
  50  5:39  Probe x2 (Chrono Boost)  
  52  5:49  Probe x2 (Chrono Boost)  
  48  6:19  Stalker x2  
  48  6:20  Stalker x2  
Show
View Real Time Build Order
Export as new Build Order

Nick Protoss 

Build Orders:  

Get SALT Encoding   

  12  0:01  Probe (Chrono Boost)  
  13  0:20  Probe (Chrono Boost)  
  14  0:26  Pylon  
  14  0:31  Probe (Chrono Boost)  
  15  0:39  Assimilator  
  15  0:52  Probe (Chrono Boost)  
  16  1:01  Gateway  
  16  1:03  Probe (Chrono Boost)  
  17  1:13  Gateway, Probe (Chrono Boost)  
  18  1:24  Probe (Chrono Boost)  
  19  1:35  Probe (Chrono Boost)  
  20  1:45  Probe (Chrono Boost)  
  21  1:50  Pylon  
  21  1:51  Pylon  
  21  1:54  Cybernetics Core  
  21  1:57  Zealot  
  23  2:08  Zealot  
  25  2:14  Pylon  
  25  2:15  Pylon  
  25  2:16  Gateway  
  25  2:18  Gateway  
  27  2:37  Zealot x2  
  29  2:47  Warp Gate (Chrono Boost)  
  29  2:49  Probe  
  30  2:54  Assimilator  
  30  3:11  Zealot x4  
  38  3:29  Twilight Council  
  38  3:39  Zealot x2  
  38  3:40  Zealot  
  44  3:41  Zealot  
  44  3:45  Probe  
  47  3:57  Probe  
  47  4:01  Pylon  
  48  4:03  Pylon  
  48  4:16  Charge (Chrono Boost)  
  48  4:19  Probe  
  49  4:52  Nexus  
  49  5:10  Stargate  
  49  5:33  Zealot  
  49  5:34  Zealot x2  
  49  5:35  Zealot  
  57  5:46  Gateway  
  57  5:48  Gateway  
  27  6:13  Zealot  
  27  6:14  Zealot x2  
  27  6:17  Zealot  
Tags
 
Add a new tag
Caveats
  • Supply blocks, unpowered buildings, or Contaminate may cause inaccurate times.
  • Supply counts are checked every 10 seconds.